 Dungeon Crawl Stone Soup version 0.28-b1-1-g3c77fb2ed1 (webtiles) character file.

Game seed: 12188472457943782659

16 Minsecho the Vexing (level 2, 0/19 HPs)
             Began as a Barachi Enchanter on Jan 28, 2022.
             Slain by a bat (1 damage)
             ... on level 1 of the Dungeon.
             The game lasted 00:01:28 (1074 turns).

Minsecho the Vexing (Barachi Enchanter)             Turns: 1074, Time: 00:01:29

Health: 0/19       AC:  2    Str:  9    XL:     2   Next: 58%
Magic:  5/5        EV: 12    Int: 15    God:
Gold:   0          SH:  0    Dex: 12    Spells: 5/5 levels left

rFire   . . .      SeeInvis .   a - +1 dagger
rCold   . . .      Faith    .   (no shield)
rNeg    . . .      Spirit   .   b - +0 robe
rPois   .          Reflect  .   (no helmet)
rElec   .          Harm     .   (no cloak)
rCorr   .          Rampage  .   (no gloves)
Will    .....                   (no boots)
Stlth   ++........              (no amulet)
HPRegen 0.06/turn               (no ring)
MPRegen 0.09/turn               (no ring)

@: unable to hop, slow
A: amphibious, slowness 1, strong legs 1, +LOS
a: Hop


You were on level 1 of the Dungeon.
You visited 1 branch of the dungeon, and saw 1 of its levels.

Inventory:

Hand Weapons
 a - a +1 dagger (weapon)
Armour
 b - a +0 robe (worn)
Scrolls
 c - a scroll of amnesia {unknown}
 d - a scroll of enchant weapon {unknown}


   Skills:
 + Level 1.2 Short Blades
 + Level 2.3 Dodging
 + Level 3.1 Stealth
 + Level 2.2 Spellcasting
 + Level 3.6 Hexes


You had 5 spell levels left.
You didn't know any spells.
Your spell library contained the following spells:

 Spells                   Type           Power      Damage    Failure   Level
 Confusing Touch          Hex            12%        N/A       14%         3
 Tukima's Dance           Hex            12%        N/A       14%         3
 Ensorcelled Hibernation  Hex/Ice        14%        N/A       16%         2
 Dazzling Flash           Conj/Hex       14%        N/A       30%         3


Dungeon Overview and Level Annotations

Branches:
Dungeon (1/15)

Altars:


Innate Abilities, Weirdness & Mutations

You are amphibious.
You cover ground slowly.
You can hop short distances.
You have an extended range of vision and can be seen from far away.


Message History

The bat hits you but does no damage. The hobgoblin closely misses you.
You hit the hobgoblin.
You kill the hobgoblin!
The bat barely misses you.
You completely miss the bat.
The bat is moderately wounded.
The bat barely misses you. x2
You hit the bat but do no damage.
The bat is moderately wounded.
The bat closely misses you. The bat hits you.
* * * LOW HITPOINT WARNING * * *
You hit the bat but do no damage.
The bat is moderately wounded.
The bat closely misses you. The bat hits you.
* * * LOW HITPOINT WARNING * * *
You miss the bat.
The bat is moderately wounded.
The bat misses you.
You aren't carrying any potions.
The bat misses you. The bat barely misses you.
The bat hits you but does no damage.
You hit the bat but do no damage. The bat completely misses you.
You hit the bat.
The bat is moderately wounded.
The bat completely misses you.
Hop to where?
Press: ? - help, Dir - move target Boing!
The bat hits you.
* * * LOW HITPOINT WARNING * * *
You barely miss the bat. The bat misses you.
The bat hits you but does no damage. The bat barely misses you.
You closely miss the bat. The bat misses you.
You miss the bat. The bat hits you but does no damage.
You hit the bat but do no damage. The bat barely misses you. The bat hits you.
You die...

#.# #.# #.# #.#
######.#######
##############............##
#......#>...................
##.###.#.#####............##
#.#.......@..............#
#.#.#.....b.#.####.#######
#.#.#.......#.# #.#
#.#.#.......#.# #.########
#.#.#.......#.####.#.......
#.#.#.#....................
#.#.#.#.######.....#.......
#.#.#.#.# #.....########
##.#.#.#.# #.....#


You could see a bat.

Vanquished Creatures
  A dart slug (D:1)
  An endoplasm (D:1)
  A giant cockroach (D:1)
  2 goblins (D:1)
  2 hobgoblins (D:1)
  2 kobolds (D:1)
  2 ball pythons (D:1)
  2 frilled lizards (D:1)
13 creatures vanquished.

Notes
Turn   | Place    | Note
-------+----------+-------------------------------------------
     0 | D:1      | Minsecho the Barachi Enchanter began the quest for the Orb.
     0 | D:1      | Reached XP level 1. HP: 13/13 MP: 3/3
   175 | D:1      | Reached XP level 2. HP: 3/19 MP: 5/5
  1074 | D:1      | Slain by a bat

Illustrated notes

Levels and vault maps discovered:
D:1:      onia_arrival_mini_spirals, layout_basic

Skill      XL: |  1  2 |
---------------+-------+-----
Stealth        | 3 |  3.1
Short Blades   | |  1.2
Dodging        | |  2.3
Spellcasting   | |  2.2
Hexes          | |  3.6

Action                   || total
-------------------------++-------
Melee: Dagger            ||    73
       Punch             ||     1
 Abil: Hop               ||     1
  Use: Potion            ||     1
 Stab: Invisible         ||     2
       Sleeping          ||     1
Armor: Robe              ||    16
Dodge: Dodged            ||    74
